 Dungeon Crawl Stone Soup version 0.31.0 (webtiles) character file.

Game seed: 7200566500318397315

2361 MollyMolluskus the Ruffian (level 9, -2/62 HPs)
             Began as an Octopode Fighter on Jan 19, 2024.
             Slain by an orc warrior
             ... wielding a +0 war axe
              (9 damage)
             ... in a bailey.
             The game lasted 00:24:48 (5832 turns).

MollyMolluskus the Ruffian (Octopode Fighter)       Turns: 5832, Time: 00:24:49

Health: -2/62      AC:  1    Str: 19    XL:     9   Next: 44%
Magic:  9/9        EV: 15    Int: 10    God:
Gold:   593        SH:  0    Dex: 12    Spells: 8/8 levels left

rFire   . .          .
                       - Unarmed
rCold   . . .        a - +0 buckler
rNeg    . . .        (helmet restricted)
rPois   +            (no amulet)
rElec   .            k - ring of poison resistance
rCorr   .            (no ring)
SInv    .            (no ring)
Will    .....        (no ring)
Stlth   ++           (no ring)
HPRegen 0.30/turn    (no ring)
MPRegen 0.11/turn    (no ring)
                     (no ring)

%: no passive effects
@: confused, ambrosia-drunk
A: almost no armour, amphibious, 8 rings, camouflage 1, gelatinous body 1,
(nimble swimmer 1), tentacles
a: no special abilities


You were in a bailey.
You visited 2 branches of the dungeon, and saw 8 of its levels.
You also visited: Ossuary and Bailey.

You collected 593 gold pieces.

Inventory:

Missiles
 f - 23 poisoned darts
 o - 26 boomerangs
 r - a datura-tipped dart (quivered)
Armour
 a - a +0 buckler (worn)
Jewellery
 g - a ring of magical power
 k - a ring of poison resistance (left tentacle)
 l - a ring of magical power
Talismans
 i - a flux talisman
Wands
 m - a wand of flame (1)
Scrolls
 e - 4 scrolls of revelation
 p - 4 scrolls of teleportation
Potions
 b - a potion of resistance
 d - a potion of haste
 j - 2 potions of attraction
 n - a potion of magic {unknown}
Miscellaneous
 q - a phantom mirror


   Skills:
 + Level 6.2 Fighting
 + Level 6.2 Dodging
 - Level 4.0 Stealth
 - Level 6.0 Shields
 * Level 7.8 Unarmed Combat


You had 8 spell levels left.
You didn't know any spells.
Your spell library contained the following spells:

 Spells                   Type           Power      Damage    Failure   Level
 Hailstorm                Conj/Ice       0%         3d5       80%         3
 Summon Ice Beast         Ice/Summ       0%         N/A       80%         3
 Volatile Blastmotes      Fire/Tloc      0%         2d10      80%         3
 Fireball                 Conj/Fire      0%         3d3       100%        5
 Plasma Beam              Fire/Air       0%         2x1d10    100%        6
 Sculpt Simulacrum        Ice/Alch       0%         N/A       100%        6


Dungeon Overview and Level Annotations

Branches:
Dungeon (7/15)             Temple (1/1) D:6         Ossuary (visited)
 Bailey (1/1)

Altars:
Cheibriados
Elyvilon
Fedhas
Hepliaklqana
Kikubaaqudgha
Makhleb
Nemelex Xobeh
Okawaru
Qazlal
Ru
Sif Muna
Trog
Uskayaw
Vehumet
Xom
Yredelemnul
Zin
The Shining One

Shops:
D:1 =   D:6 *

Annotations:
D:4 1 runed translucent door, Crazy Yiuf


Innate Abilities, Weirdness & Mutations

You cannot wear most types of armour.
You are amphibious.
You can wear up to eight rings at the same time.
Your skin changes colour to match your surroundings (Stealth+).
Your rubbery body absorbs attacks. (AC +1, EV +1)
((You are camouflaged when in or above water. (Stealth+)))
You have tentacles for arms and can constrict up to eight enemies at once.


Message History

You tentacle-slap the kobold brigand. You squeeze the kobold brigand.
The kobold brigand is almost dead.
You constrict the kobold brigand. x2
You kill the kobold brigand!
You constrict the kobold brigand.
The orc warrior throws a datura-tipped dart.
The datura-tipped dart hits you.
The kobold brigand hits you with a +0 war axe!
You block the kobold brigand's attack.
You bludgeon the kobold brigand! Your grab misses the kobold brigand.
Your squeeze misses the kobold brigand.
The kobold brigand is moderately wounded.
You constrict the kobold brigand. You constrict the kobold brigand!
You feel sick.
The kobold brigand barely misses you. x2
The kobold brigand hits you with a +0 war axe.
Unknown command.
Okay, then.
You closely miss the kobold brigand. Your grab misses the kobold brigand.
The kobold brigand is moderately wounded.
You constrict the kobold brigand, but do no damage.
You constrict the kobold brigand.
You feel sick. You block the kobold brigand's attack.
The kobold brigand hits you with a +0 war axe!
* * * LOW HITPOINT WARNING * * *
The kobold brigand completely misses you.
You closely miss the kobold brigand. You grab the kobold brigand.
The kobold brigand is moderately wounded.
You constrict the kobold brigand.
You constrict the kobold brigand, but do no damage.
You constrict the kobold brigand.
You kill the kobold brigand!
You feel sick.
The kobold brigand hits you with a +0 war axe.
* * * LOW HITPOINT WARNING * * *
The kobold brigand barely misses you.
You are confused.
You feel invigorated.
You constrict the kobold brigand. x2; You feel sick.
You are no longer poisoned.
The orc warrior hits you with a +0 war axe!
You die... ###.($...[$.### #......(......# .......(....... ............... ........... ...o... #KKo#

###@### ##.....##
#...8...#
#∩.....∩#
##.....##
####'''####
##~.......~##
###~~.......~~###
...~~.......~~...


You could see 2 orc warriors and 2 kobold brigands.

Vanquished Creatures
  Eustachio (D:5)
  A water moccasin (D:6)
  An orc warrior (Bailey)
  4 ogres
  A centaur (D:7)
  5 kobold brigands (Bailey)
  A weeping skull (Ossuary)
  3 elf zombies (Ossuary)
  4 scorpions
  2 bullfrogs (D:6)
  A burial acolyte (Ossuary)
  2 bombardier beetles (D:5)
  2 hounds
  A jelly (D:6)
  An orc priest (D:5)
  Jessica (D:2)
  4 orc wizards (D:5)
  2 hound zombies (Ossuary)
  2 mummies (Ossuary)
  Robin (D:4)
  A gnoll (D:5)
  8 adders
  A white imp (D:5)
  A ribbon worm (D:3)
  2 dart slugs (D:1)
  19 orcs
  5 bats
  5 endoplasms
  A giant cockroach (D:2)
  9 hobgoblins
  6 quokkas
  6 ball pythons
  2 frilled lizards
  18 goblins
  18 kobolds
  4 rats
146 creatures vanquished.

Notes
Turn   | Place    | Note
-------+----------+-------------------------------------------
     0 | D:1      | MollyMolluskus the Octopode Fighter began the quest for the
                  | Orb.
     0 | D:1      | Reached XP level 1. HP: 16/16 MP: 1/1
    84 | D:1      | Reached XP level 2. HP: 21/21 MP: 2/2
   296 | D:1      | Found Jagithri's Jewellery Shoppe.
   340 | D:1      | Reached skill level 1 in Stealth
   505 | D:1      | Reached XP level 3. HP: 26/26 MP: 3/3
   725 | D:2      | Got Fatzy's Commentary on the Torch
  1093 | D:2      | Noticed Jessica
  1102 | D:2      | Killed Jessica
  1103 | D:2      | Reached XP level 4. HP: 8/31 MP: 4/4
  1467 | D:3      | Found a faded altar of an unknown god.
  2286 | D:4      | Found a runed translucent door.
  2287 | D:4      | Noticed Crazy Yiuf
  2388 | D:4      | Reached skill level 3 in Unarmed Combat
  2388 | D:4      | Reached XP level 5. HP: 35/36 MP: 5/5
  2409 | D:4      | Found a sand-covered staircase.
  2423 | Ossuary  | Entered an ossuary
  2423 | Ossuary  | Found a huge runed translucent gate.
  2423 | Ossuary  | Found a huge runed translucent gate.
  2423 | Ossuary  | Found a huge runed translucent gate.
  2423 | Ossuary  | Found a huge runed translucent gate.
  2423 | Ossuary  | Found a huge runed translucent gate.
  2423 | Ossuary  | Found a huge runed translucent gate.
  2423 | Ossuary  | Found a huge runed translucent gate.
  2423 | Ossuary  | Found a huge runed translucent gate.
  2424 | Ossuary  | Found a huge runed translucent gate.
  2424 | Ossuary  | Found a huge runed translucent gate.
  2424 | Ossuary  | Found a huge runed translucent gate.
  2425 | Ossuary  | Found a huge runed translucent gate.
  2425 | Ossuary  | Found a huge runed translucent gate.
  2427 | Ossuary  | Found a huge runed translucent gate.
  2427 | Ossuary  | Found a huge runed translucent gate.
  2458 | Ossuary  | Found a huge runed translucent gate.
  2458 | Ossuary  | Found a huge runed translucent gate.
  2458 | Ossuary  | Found a huge runed translucent gate.
  2458 | Ossuary  | Found a huge runed translucent gate.
  2459 | Ossuary  | Found a huge runed translucent gate.
  2474 | Ossuary  | Found a huge runed translucent gate.
  2474 | Ossuary  | Found a huge runed translucent gate.
  2483 | Ossuary  | Found a huge runed translucent gate.
  2487 | Ossuary  | Found a huge runed translucent gate.
  2489 | Ossuary  | Found a huge runed translucent gate.
  2490 | Ossuary  | Found a huge runed translucent gate.
  2491 | Ossuary  | Found a huge runed translucent gate.
  2491 | Ossuary  | Found a huge runed translucent gate.
  2506 | Ossuary  | Reached XP level 6. HP: 39/43 MP: 6/6
  2523 | Ossuary  | Found a huge runed translucent gate.
  2523 | Ossuary  | Found a huge runed translucent gate.
  2524 | Ossuary  | Found a huge runed translucent gate.
  2524 | Ossuary  | Found a huge runed translucent gate.
  2524 | Ossuary  | Found a huge runed translucent gate.
  2524 | Ossuary  | Found a huge runed translucent gate.
  2524 | Ossuary  | Found a huge runed translucent gate.
  2553 | Ossuary  | Reached skill level 4 in Unarmed Combat
  2553 | Ossuary  | Reached XP level 7. HP: 15/48 MP: 7/7
  2759 | D:4      | Noticed Robin
  2774 | D:4      | Killed Robin
  3203 | D:5      | Entered Level 5 of the Dungeon
  3262 | D:5      | Reached skill level 5 in Shields
  3526 | D:5      | Found a shimmering altar of Xom.
  3621 | D:5      | Noticed Eustachio
  3634 | D:5      | Killed Eustachio
  3635 | D:5      | Reached skill level 5 in Unarmed Combat
  3635 | D:5      | Reached XP level 8. HP: 51/54 MP: 8/8
  4366 | D:5      | Found an iron altar of Okawaru.
  4470 | D:6      | Reached skill level 5 in Fighting
  4470 | D:6      | Reached skill level 5 in Dodging
  4494 | D:6      | Reached skill level 6 in Unarmed Combat
  4879 | D:6      | Reached XP level 9. HP: 61/61 MP: 9/9
  4896 | D:6      | Reached skill level 7 in Unarmed Combat
  5029 | D:6      | Found Monineg's Lightly-Used Armoury.
  5152 | D:6      | Found a staircase to the Ecumenical Temple.
  5158 | Temple   | Entered the Ecumenical Temple
  5207 | D:6      | Found a sparkling altar of Nemelex Xobeh.
  5208 | D:6      | Found a hazy altar of Hepliaklqana.
  5208 | D:6      | Found a basalt altar of Yredelemnul.
  5529 | D:7      | Found a blossoming altar of Fedhas.
  5529 | D:7      | Found a snail-covered altar of Cheibriados.
  5529 | D:7      | Found a sacrificial altar of Ru.
  5529 | D:7      | Found a shimmering blue altar of Sif Muna.
  5530 | D:7      | Found a glowing silver altar of Zin.
  5530 | D:7      | Found a radiant altar of Vehumet.
  5548 | D:7      | Found a flagged portal.
  5595 | Bailey   | Entered a bailey
  5831 | Bailey   | HP: 3/62 [kobold brigand/+0 war axe (2)]
  5832 | Bailey   | Slain by an orc warrior

Illustrated notes

Levels and vault maps discovered:
D:1:      minmay_arrival_split_and_join, layout_basic, serial_shops, shop
D:2:      layout_basic, uniq_jessica
D:3:      layout_basic, dreamdust_ecumenical_altar_grove
D:4:      layout_loops_ring, enter_ossuary_1, uniq_robin,
          uniq_crazy_yiuf_cottage
D:5:      layout_gridville, xom_teletrap_fun, okawaru_altar_gauntlet_db,
          solitary_fountain, hangedman_abyss_or_decor_jellyfish_corner,
          minivault_23, uniq_eustachio
D:6:      layout_basic, chequers_temple_overflow_statue_of_worship,
          minmay_temple_entry_waves, minmay_shop_damaged, dk_noncrumbling_3,
          minmay_misc_feat_plants, nicolae_letterblocks
          [nicolae_letter_subblock, nicolae_letter_subblock,
          nicolae_letter_subblock, nicolae_letter_subblock,
          nicolae_letter_subblock, nicolae_letter_subblock,
          nicolae_letter_subblock, nicolae_letter_subblock,
          nicolae_letter_subblock, nicolae_letter_subblock,
          nicolae_letter_subblock, nicolae_letter_subblock,
          nicolae_letter_subblock, nicolae_letter_subblock,
          nicolae_letter_subblock, nicolae_letter_subblock,
          nicolae_letter_subblock, nicolae_letter_subblock,
          nicolae_letter_subblock, nicolae_letter_subblock,
          nicolae_letter_subblock, nicolae_letter_subblock,
          nicolae_letter_subblock, nicolae_letter_subblock,
          nicolae_letter_subblock]
D:7:      layout_basic, grunt_temple_overflow_open,
          nicolae_overflow_crystal_walls, enter_bailey_5, serial_corexii_hall,
          chequers_hall_statues_wall_a, chequers_hall_statues_y,
          ebering_ghost_rock_garden
Temple:   nicolae_temple_little_seven
Bailey:   bailey_axe_3, bailey

Skill      XL: |  1  2  3  4  5  6  7  8  9 |
---------------+----------------------------+-----
Stealth        | 1 2 3 4 |  4.0
Unarmed Combat | 3 4 5 6 7 |  7.8
Shields        | 4 5 6 |  6.0
Fighting       | 4 5 6 |  6.2
Dodging        | 4 5 6 |  6.2

Action                     |  1- 3 |  4- 6 |  7- 9 || total
---------------------------+-------+-------+-------++-------
  Melee: Unarmed           |    58 |    74 |   208 ||   340
         Constrict         |    16 |    22 |    49 ||    87
         Tentacles         |    12 |    21 |    53 ||    86
         Punch             |     2 |     5 |     9 ||    16
  Throw: Stone             |       |     5 |     3 ||     8
         Dart              |       |       |    25 ||    25
  Evoke: Wand              |       |       |     3 ||     3
    Use: Scroll            |     4 |     7 |     6 ||    17
         Potion            |       |     1 |     2 ||     3
   Stab: Sleeping          |    10 |     6 |     9 ||    25
 Armour: Skin              |    18 |    22 |    87 ||   127
  Dodge: Dodged            |    27 |    31 |   116 ||   174
  Block: Buckler           |     8 |    16 |    36 ||    60
